 Dungeon Crawl Stone Soup version 0.29-a0-995-g8a7feb118f (webtiles) character file.

Game seed: 17396269430437072766

172 PentaManta the Changer (level 5, -2/37 HPs)
             Began as a Merfolk Transmuter on Aug 4, 2022.
             Killed by divine providence
             ... invoked by an orc priest
              (12 damage)
             ... on level 4 of the Dungeon.
             The game lasted 00:07:30 (3536 turns).

PentaManta the Changer (Merfolk Transmuter)         Turns: 3536, Time: 00:07:30

Health: -2/37      AC:  2    Str: 11    XL:     5   Next: 52%
Magic:  3/9        EV: 20    Int: 14    God:
Gold:   147        SH:  0    Dex: 19    Spells: 4/10 levels left

rFire   . . .      SeeInvis .     - Unarmed
rCold   . . .      Faith    .   (shield currently unavailable)
rNeg    . . .      Spirit   .   (body armour currently unavailable)
rPois   x          Reflect  .   (helmet currently unavailable)
rElec   .          Harm     .   (cloak currently unavailable)
rCorr   .          Rampage  .   (gloves currently unavailable)
Will    .....                   (boots currently unavailable)
Stlth   ++........              (no amulet)
HPRegen 0.12/turn               (no ring)
MPRegen 0.11/turn               (no ring)

@: spider-form, very slightly contaminated
A: venomous fangs, tiny, (nimble swimmer 2), (mertail)
a: End Transformation


You were on level 4 of the Dungeon.
You were a venomous arachnid creature.
You visited 1 branch of the dungeon, and saw 4 of its levels.

You collected 147 gold pieces.

Inventory:

Missiles
 m - 5 boomerangs
 p - 5 poisoned darts
Armour
 a - a +0 robe (melded)
 e - a +0 pair of gloves (melded)
 l - a +0 ring mail
 r - a +0 leather armour
Scrolls
 c - 2 scrolls of identify {unknown}
 g - a scroll of vulnerability {unknown}
 h - a scroll of teleportation {unknown}
 i - a scroll of noise {unknown}
 j - 2 scrolls of blinking {unknown}
 n - a scroll of enchant armour {unknown}
 s - a scroll of fear {unknown}
Potions
 b - 2 potions of lignification
 d - a potion of degeneration {unknown}
 f - 2 potions of heal wounds {unknown}
 k - a potion of cancellation {unknown}
 o - a potion of attraction {unknown}
 q - a potion of magic {unknown}


   Skills:
 - Level 1.1 Fighting
 - Level 2.6 Dodging
 - Level 3.2 Unarmed Combat
 - Level 3.0 Spellcasting
 + Level 6.6 Transmutations


You had 4 spell levels left.
You knew the following spells:

 Your Spells              Type           Power      Damage    Failure   Level
a - Beastly Appendage     Tmut           40%        N/A       6%          1
b - Wereblood             Tmut           20%        N/A       9%          2
c - Spider Form           Tmut/Pois      11%        N/A       36%         3

Your spell library contained the following spells:

 Spells                   Type           Power      Damage    Failure   Level
 Passwall                 Tmut/Erth      9%         N/A       22%         2
 Sandblast                Erth           4%         2d4       43%         1
 Ice Form                 Ice/Tmut       11%        N/A       71%         4
 Stone Arrow              Conj/Erth      4%         3d7       75%         3


Dungeon Overview and Level Annotations

Branches:
Dungeon (4/15)
 Temple: D:4-7

Altars:

Annotations:
D:2 1 runed translucent door, Crazy Yiuf


Innate Abilities, Weirdness & Mutations

You are a venomous arachnid creature.
You have poisonous fangs.
You are tiny and dextrous.
Your spellcasting is less reliable in this form.
Your armour is entirely melded.
You are incapable of wielding weapons or throwing items.
((You are very nimble when in or above water. (Stealth+, EV+, Speed+++)))
((Your lower body shifts to a powerful aquatic tail in water.))


Message History

You kill the endoplasm!
The orc shouts!
You hear a shout!
An orc comes into view. It is wielding a +0 flail.
You hear a shout!
An orc comes into view. It is wielding a +0 hand axe.
Your horns disappear.
The orc throws a boomerang.
The boomerang closely misses you.
Casting: Beastly Appendage (safe; 1% risk of failure)
Confirm with . or Enter, or press ? or * to list all spells.
The spell is quite dangerous to miscast (17% risk of failure)!
Continue anyway?
You miscast Spider Form.
You are very lightly contaminated with residual magic.
Nothing appears to happen.
The orc throws a boomerang.
The boomerang hits you.
Casting: Spider Form (quite dangerous; 17% risk of failure)
Confirm with . or Enter, or press ? or * to list all spells.
The spell is quite dangerous to miscast (17% risk of failure)!
Continue anyway?
You turn into a venomous arachnid creature.
Your +0 pair of gloves melds into your body.
Your +0 robe melds into your body.
You bite the orc!
You kill the orc!
You hit the orc.
The orc is poisoned.
The orc is moderately wounded.
The orc barely misses you.
An orc priest comes into view. It is wielding a +0 club.
The orc priest shouts!
You hit the orc.
You kill the orc!
The orc priest mumbles some strange prayers to Beogh against you.
Beogh smites you!
The orc throws a boomerang.
The boomerang hits you.
* * * LOW HITPOINT WARNING * * *
The orc misses you.
Items here: )) [ ††.
You barely miss the orc. The orc closely misses you.
You hit the orc.
The orc is poisoned.
The orc is moderately wounded.
The orc misses you.
The orc priest calls down the wrath of Beogh upon you.
Beogh smites you!
You die...

### ..#
#.. #.#
#####o##
#.. ... #
#.# #o#
#.#.# #s#
#.#.###.#
#.......#
###.#####
###)#####
#.....<.#
#.#.###.#
#..... .#
#..... .+


You could see an orc priest and an orc (very poisoned).

Vanquished Creatures
  2 orc priests (D:3)
  2 adders
  3 worms
  2 dart slugs
  8 orcs
  4 bats
  8 endoplasms
  2 giant cockroaches
  8 goblins
  7 hobgoblins (D:2)
  2 jackals (D:3)
  3 quokkas
  6 ball pythons
  2 frilled lizards
  5 kobolds
  5 rats
69 creatures vanquished.

Notes
Turn   | Place    | Note
-------+----------+-------------------------------------------
     0 | D:1      | PentaManta the Merfolk Transmuter began the quest for the
                  | Orb.
     0 | D:1      | Reached XP level 1. HP: 15/15 MP: 3/3
   119 | D:1      | Reached skill level 3 in Transmutations
   210 | D:1      | Reached XP level 2. HP: 20/21 MP: 3/5
   430 | D:1      | Learned a level 2 spell: Wereblood
   594 | D:1      | Found a faded altar of an unknown god.
   779 | D:2      | Reached XP level 3. HP: 26/26 MP: 4/6
  1014 | D:2      | Reached skill level 4 in Transmutations
  1423 | D:2      | Found a runed translucent door.
  1424 | D:2      | Noticed Crazy Yiuf
  1790 | D:2      | Reached XP level 4. HP: 31/32 MP: 6/8
  2178 | D:3      | Reached skill level 5 in Transmutations
  2182 | D:3      | Learned a level 3 spell: Spider Form
  2920 | D:3      | Reached XP level 5. HP: 30/37 MP: 6/9
  2992 | D:3      | Reached skill level 6 in Transmutations
  3536 | D:4      | Killed from afar by an orc priest

Illustrated notes

Levels and vault maps discovered:
D:1:      erik_arrival_blinker_ship, layout_basic,
          shapermc_ecumenical_altar_acropolis
D:2:      minmay_inner_zag, layout_basic, uniq_crazy_yiuf_cottage
D:3:      layout_rooms
D:4:      layout_loops_corners, yredelemnul_forgotten_temple_becter,
          worldfamousw_hep_ancestral_shrine, serial_demonic, serial_demonic_d,
          serial_demonic_a, serial_demonic_e, serial_demonic_g, uniq_ijyb

Skill      XL: |  1  2  3  4  5 |
---------------+----------------+-----
Transmutations | 3 4 5 6 |  6.6
Spellcasting   | 3 |  3.0
Fighting       | |  1.1
Dodging        | |  2.6
Unarmed Combat | |  3.2

Action                   |  1- 3 |  4- 6 || total
-------------------------+-------+-------++-------
Melee: Unarmed           |   133 |    82 ||   215
       Headbutt          |    27 |     9 ||    36
       Punch             |     4 |       ||     4
 Cast: Beastly Appendage |    31 |     8 ||    39
       Spider Form       |       |     4 ||     4
 Stab: Sleeping          |     1 |     1 ||     2
Armor: Robe              |    34 |    11 ||    45
       Skin              |       |     1 ||     1
Dodge: Dodged            |    92 |    48 ||   140

Table legend: (Time is in decaauts)
 A = Elapsed time spent in this place.
 B = Non-inter-level travel time spent in this place.
 C = Inter-level travel time spent in this place.
 D = Time resting spent in this place.
 E = Time spent auto-exploring this place.
 F = Levels seen in this place.
 G = Mean time per level.
                   A        B        C        D        E       F      G
               +--------+--------+--------+--------+--------+-----+--------+
         Total |   3525 |   3357 |    168 |    986 |   1677 |   4 |  881.2 |
       Dungeon |   3525 |   3357 |    168 |    986 |   1677 |   4 |  881.2 |
               +--------+--------+--------+--------+--------+-----+--------+

Top non-repeatable levels by time:
     D:2: 1601 daAuts
     D:3: 1174 daAuts
     D:1: 719 daAuts
     D:4: 29 daAuts
